 Dungeon Crawl Stone Soup version 0.30.0-5-g1a98f26d00 (webtiles) character file.

Game seed: 384875279623566102

6 browni3141 the Trooper (level 1, 0/26 HPs)
             Began as an Ogre Delver on May 10, 2023.
             Slain by a shadow imp (3 damage)
             ... on level 6 of the Dungeon.
             The game lasted 00:00:39 (254 turns).

browni3141 the Trooper (Ogre Delver)                 Turns: 254, Time: 00:00:39

Health: 0/26       AC:  3    Str: 15    XL:     1   Next: 90%
Magic:  1/1        EV:  9    Int: 11    God:
Gold:   10         SH:  0    Dex: 10    Spells: 0/0 levels left

rFire   . . .        a - +0 mace
rCold   . . .        (no shield)
rNeg    + . .        b - +0 robe
rPois   .            (helmet restricted)
rElec   .            (no cloak)
rCorr   .            (gloves unavailable)
SInv    .            (boots unavailable)
Will    .....        (no amulet)
Stlth   ++           Y - ring of positive energy
HPRegen 0.24/turn    (no ring)
MPRegen 0.07/turn

%: no passive effects
@: no status effects
A: large, unfitting armour, tough skin 1
a: no special abilities


You were on level 6 of the Dungeon.
You visited 1 branch of the dungeon, and saw 2 of its levels.

You collected 10 gold pieces.

Inventory:

Hand Weapons
 a - a +0 mace (weapon)
Missiles
 Z - a throwing net (quivered)
Armour
 b - a +0 robe (worn)
Jewellery
 Y - a ring of positive energy (left hand)
Wands
 g - a wand of digging (3)
Scrolls
 d - a scroll of magic mapping
 e - a scroll of fear
 F - a scroll of fog
 X - a scroll of immolation {unknown}
Potions
 h - a potion of haste


   Skills:
 * Level 4.4 Fighting
 + Level 2.0 Maces & Flails
 - Level 1.7 Dodging
 - Level 3.7 Stealth


You couldn't memorise any spells.
You didn't know any spells.
Your spell library contained the following spells:

 Spells                   Type           Power      Damage    Failure   Level
 Vhi's Electric Charge    Tloc/Air       0%         N/A       71%         3
 Arcjolt                  Conj/Air       0%         1d10      100%        5
 Maxwell's Capacitive Co  Air            0%         ∞         100%        8


Dungeon Overview and Level Annotations

Branches:
Dungeon (6/15)
 Temple: D:4-7

Altars:


Innate Abilities, Weirdness & Mutations

You are too large for most types of armour.
You have tough skin. (AC +1)


Message History

There is an open door here.
You hear the slow rusting of a very distant drain.
You see here a +0 robe. 2 orcs come into view.
The orc shouts!
You hear a shout!
The orc shouts!
An orc comes into view. It is wielding a +0 falchion.
You start waiting.
An orc is nearby!
You hit the orc but do no damage. The orc hits you with a +0 falchion.
You hit the orc but do no damage. The orc barely misses you.
The orc closely misses you.
You hit the orc but do no damage. The orc hits you with a +0 falchion.
You hit the orc but do no damage. The orc misses you.
The orc closely misses you.
You barely miss the orc. The orc completely misses you.
You hit the orc.
The orc is heavily wounded.
The orc hits you with a +0 falchion.
You hit the orc.
You kill the orc!
The orc completely misses you.
Training target 2.0 for Stealth reached!
You barely miss the orc. The orc barely misses you.
You throw a throwing net.
The throwing net completely misses the orc.
The throwing net hits the orc.
The orc is caught in the net!
The orc struggles against the net.
The orc barely misses you.
You throw a throwing net. The throwing net hits the orc.
The orc is caught in the net!
The orc struggles against the net. x2
You sock the orc!
You kill the orc!
The orc struggles against the net.
The orc struggles against the net.
The net rips apart, and the orc comes free!
Items here: ( )) [ †.
You hit the orc.
The orc is heavily wounded.
The orc hits you but does no damage.
You sock the orc!
You kill the orc!
Your Maces & Flails skill increases to level 2!
Things that are here:
a +0 flail; an orc corpse
Found a stone staircase leading up.
Z - a scroll labelled VYREICRUTOB You hear the slow rusting of a very distant drain.
HP restored.
Z - a throwing net (quivered);
X - a scroll labelled VYREICRUTOB
Items here: )) [ †.
There is a stone staircase leading up here.
You hear the slow rusting of a distant drain.
You pick up Maxwell's Memoranda and begin reading...
You add the spells Vhi's Electric Charge, Arcjolt and Maxwell's Capacitive Coupling to your library.
You hear the rusting of a very distant drain.
A shadow imp comes into view.
The shadow imp shouts!
A shadow imp is nearby!
The shadow imp hits you.
You closely miss the shadow imp. The shadow imp hits you.
You hit the shadow imp but do no damage.
The shadow imp barely misses you.
You barely miss the shadow imp.
The shadow imp grins evilly.
The shadow imp hits you.
The shadow imp hits you but does no damage.
You hit the shadow imp.
The shadow imp is moderately wounded.
The shadow imp hits you.
You barely miss the shadow imp.
The shadow imp is moderately wounded.
The shadow imp barely misses you.
You hit the shadow imp.
The shadow imp is heavily wounded.
The shadow imp closely misses you. The shadow imp hits you.
You barely miss the shadow imp.
The shadow imp is heavily wounded.
The shadow imp closely misses you.
You hit the shadow imp but do no damage.
The shadow imp is heavily wounded.
The shadow imp hits you.
You barely miss the shadow imp.
The shadow imp is heavily wounded.
The shadow imp hits you.
You hit the shadow imp.
The shadow imp is heavily wounded.
The shadow imp barely misses you. The shadow imp gestures at you.
Pain shoots through your body!
* * * LOW HITPOINT WARNING * * *
You hit the shadow imp but do no damage.
The shadow imp is heavily wounded.
The shadow imp hits you.
* * * LOW HITPOINT WARNING * * *
You closely miss the shadow imp.
The shadow imp is heavily wounded.
The shadow imp hits you but does no damage.
You hit the shadow imp but do no damage.
The shadow imp is heavily wounded.
The shadow imp barely misses you. The shadow imp hits you.
You die...

.......# ......# #.....#
#.....### ....... ....#
#5.# #.#####@.#
#........# #######.##
#.# #########.#
#.........#
###.######..#
#.......##..############
#.#.###.##...##........#


You could see a shadow imp.

Vanquished Creatures
  3 orcs (D:6)
3 creatures vanquished.

Notes
Turn   | Place    | Note
-------+----------+-------------------------------------------
     0 | D:5      | browni3141 the Ogre Delver began the quest for the Orb.
     0 | D:5      | Reached XP level 1. HP: 24/24 MP: 1/1
    15 | D:5      | Noticed an orc wizard
   254 | D:6      | Slain by a shadow imp

Illustrated notes

Levels and vault maps discovered:
D:5:      layout_loops_ring, minmay_temple_entry_sparse_star, uniq_grinder,
          uniq_pikel, uniq_ijyb, uniq_duvessa
D:6:      layout_loops_corners, portal_sewer_entry_c, uniq_menkaure,
          uniq_sigmund, uniq_maggie

Skill      XL: |  1 |
---------------+----+-----
Maces & Flails | 2 |  2.0
Fighting       | |  4.4
Dodging        | |  1.7
Stealth        | |  3.7

Action                     || total
---------------------------++-------
  Melee: Mace              ||    24
  Throw: Throwing net      ||     2
 Armour: Robe              ||     3
  Dodge: Dodged            ||    14
